 Dungeon Crawl Stone Soup version 0.31.0-9-g3a7656b989 (webtiles) character file.

Game seed: 17067979572685258215

14 qw the Shooter (level 2, -10/16 HPs)
             Began as a Deep Elf Hunter on Feb 2, 2024.
             Mangled by Sigmund
             ... wielding a +0 scythe
              (11 damage)
             ... on level 2 of the Dungeon.
             The game lasted 00:00:02 (563 turns).

qw the Shooter (Deep Elf Hunter)                     Turns: 563, Time: 00:00:02

Health: -10/16     AC:  4    Str:  8    XL:     2   Next: 31%
Magic:  4/4        EV: 12    Int: 13    God:
Gold:   98         SH:  0    Dex: 18    Spells: 1/1 levels left

rFire   . . .        a - +0 shortbow
rCold   + . .        (shield currently unavailable)
rNeg    . . .        c - +0 leather armour
rPois   .            (no helmet)
rElec   .            (no cloak)
rCorr   .            e - +0 pair of gloves
SInv    .            (no boots)
Will    .....        (no amulet)
Stlth   +            d - ring of protection from cold
HPRegen 0.22/turn    (no ring)
MPRegen 0.09/turn

%: no passive effects
@: confused
A: no striking features
a: no special abilities


You were on level 2 of the Dungeon.
You visited 1 branch of the dungeon, and saw 2 of its levels.

You collected 98 gold pieces.


   Skills:
 - Level 1.5 Fighting
 + Level 6.1 Ranged Weapons
 - Level 2.4 Dodging
 - Level 1.2 Stealth


You had one spell level left.
You didn't know any spells.
Your spell library was empty.

Inventory:

Hand Weapons
 a - a +0 shortbow (weapon)
Armour
 c - a +0 leather armour (worn)
 e - a +0 pair of gloves (worn)
Jewellery
 d - a ring of protection from cold (left hand)
Scrolls
 f - 2 scrolls of teleportation
 i - a scroll of identify
Potions
 h - a potion of heal wounds

Dungeon Overview and Level Annotations

Branches:
Dungeon (2/15)

Altars:

Shops:
D:1 =

Annotations:
D:2 Sigmund


Message History

There is a stone staircase leading down here.
You start resting.
HP restored.
You climb downwards.
Level annotation: Sigmund
There is a stone staircase leading up here.
550 ||| STAIRDANCE The kobold hits you but does no damage.
You climb upwards.
There is a stone staircase leading down here.
You shoot an arrow. The arrow hits the kobold!
You kill the kobold!
You climb downwards.
Level annotation: Sigmund
There is a stone staircase leading up here.
You shoot an arrow. The arrow hits Sigmund.
Sigmund is almost dead.
Sigmund mumbles some strange words.
Sigmund flickers and vanishes!
Deactivating autopickup; reactivate with Ctrl-A.
You shoot an arrow. You shoot an arrow.
You hear some strange, mumbled words.
You are confused.
You shoot an arrow. You shoot an arrow.
You hear some strange, mumbled words.
You are more confused.
Something hits you!
Ouch! That really hurt!
You shoot an arrow. You shoot an arrow. Something hits you.
You shoot an arrow.
A magic dart appears from out of thin air!
The magic dart hits you.
You shoot an arrow. Something hits you!
Ouch! That really hurt!
You die...

#......##
........##
.........#
$........######
...............
.....{.........
............$..
.......@.......
........#......
#........ .....
####.###.. ....
#. ##. ..< # ..
.. .. . ..


There were no monsters in sight!

Vanquished Creatures
  2 endoplasms (D:1)
  2 giant cockroaches (D:1)
  A kobold (D:1)
  2 quokkas (D:1)
  A ball python (D:1)
  A bat (D:1)
  A goblin (D:1)
  4 rats (D:1)
14 creatures vanquished.

Notes
Turn   | Place    | Note
-------+----------+-------------------------------------------
     0 | D:1      | qw the Deep Elf Hunter began the quest for the Orb.
     0 | D:1      | Reached XP level 1. HP: 12/12 MP: 3/3
     0 | D:1      | 0 ||| qw: Version: 0.3-a-155-g5e7d8dd
     0 | D:1      | 0 ||| qw: Game counter: 2617
     0 | D:1      | 0 ||| qw: Melee chars always use a shield: true
     0 | D:1      | 0 ||| qw: God list: Okawaru
     0 | D:1      | 0 ||| qw: Allow faded altars: false
     0 | D:1      | 0 ||| qw: Do Orc after clearing Dungeon:15 true
     0 | D:1      | 0 ||| qw: Do second Lair branch before Depths: true
     0 | D:1      | 0 ||| qw: Lair rune preference: random
     0 | D:1      | 0 ||| qw: Goals: Normal
     0 | D:1      | 0 ||| PLANNING D:1-11
   270 | D:1      | Reached XP level 2. HP: 16/16 MP: 4/4
   273 | D:1      | Found Feppaoshro's Jewellery Emporium.
   280 | D:1      | 280 ||| SHOPLISTING amulet of guardian spirit (360 gold,
                  | have 98).
   280 | D:1      | 280 ||| SHOPLISTING amulet of reflection (360 gold, have
                  | 98).
   280 | D:1      | 280 ||| SHOPLISTING amulet of regeneration (360 gold, have
                  | 98).
   280 | D:1      | 280 ||| SHOPLISTING ring of Daarphui {*Corrode Fly rF+ rN+}
                  | (366 gold, have 98).
   280 | D:1      | 280 ||| SHOPLISTING ring of fire (300 gold, have 98).
   280 | D:1      | 280 ||| SHOPLISTING ring of positive energy (240 gold, have
                  | 98).
   282 | D:1      | Reached skill level 6 in Ranged Weapons
   390 | D:1      | 390 ||| UPGRADING to +0 pair of gloves.
   395 | D:1      | 395 ||| UPGRADING to ring of protection from cold.
   396 | D:1      | 396 ||| READING 3 scrolls labelled DYCESUENGOF.
   400 | D:1      | 400 ||| READING scroll labelled NAL CINON IGE.
   501 | D:1      | 501 ||| READING 2 scrolls labelled KYXIERHILEV.
   501 | D:1      | 501 ||| IDENTIFYING bubbling ruby potion
   502 | D:1      | 502 ||| DROPPING scroll of butterflies.
   513 | D:2      | Noticed Sigmund
   522 | D:2      | 522 ||| STAIRDANCE
   550 | D:2      | 550 ||| STAIRDANCE
   561 | D:2      | HP: 4/16 [something (2)]
   562 | D:2      | HP: 1/16 [something/magic dart (4)]
   563 | D:2      | Mangled by Sigmund

Levels and vault maps discovered:
D:1:      scummos_arrival_simple_crosswalls, layout_rooms, serial_shops, shop
D:2:      minmay_chambers_of_ones, layout_rooms, chequers_serial_rivers_small_a,
          interstate_on_off, uniq_sigmund, uniq_robin, uniq_jessica

Skill      XL: |  1  2 |
---------------+-------+-----
Ranged Weapons | 6 |  6.1
Fighting       | |  1.5
Dodging        | |  2.4
Stealth        | |  1.2

Action                     || total
---------------------------++-------
   Fire: Shortbow          ||    55
    Use: Scroll            ||     3
 Armour: Leather armour    ||    14
  Dodge: Dodged            ||    15

Table legend:
 A = Non-vault XP
 B = Vault XP
 C = Vault XP percentage of total XP
 D = Non-vault monster count
 E = Vault monster count
 F = Vault count percentage of total count
                 A         B        C        D         E       F
            +---------+---------+-------+---------+---------+-------
      Total |      21 |       0 |   0.0 |      14 |       0 |   0.0
            +---------+---------+-------+---------+---------+-------
        D:1 |      21 |       0 |   0.0 |      14 |       0 |   0.0
            +---------+---------+-------+---------+---------+-------
